Winsalmostnever, neutral male human Tourist ----- ----------- |..<-# .........| ---------- ##-...|# .......| |........| # -----# ..... |........| ### # -|- |........| # ## # --|------- # ## ### ##### # ### # # # ## ### #%# # #### # # # # # ### -------.-------# ###### # |.............|# # #----+- # |..............# ### #|....| ----------|-- |............^| # #|....| -------- #............| |..............### #|....| #|..@...| ###|.....|.....| --------------- #-.....#######-...G..| # |...........| ------ |{.....-#### ------------- -------- Winsalmostnever the Sightseer Experience level: 5 Strength: 14 Dexterity: 12 Constitution: 17 Intelligence: 10 Wisdom: 10 Charisma: 16 Health: 0(58) Energy: 22(22) Def: 1 Gold: 1198 Moves: 2640 Dungeon seed: ePcqH2YMjPT1YJJL Game ID: Winsalmostnever_1709410679 Your Inventory: Coins $ - 1198 gold pieces Amulets v - an uncursed amulet versus poison Weapons a - 29 blessed +2 darts (in quiver) s - 4 cursed +0 darts u - an uncursed +0 orcish dagger (weapon in hand) Armor e - an uncursed +0 Hawaiian shirt (being worn) y - an uncursed +0 orcish helm (being worn) z - an uncursed +0 mummy wrapping (being worn) Comestibles b - 4 uncursed food rations c - an uncursed Drug d - an uncursed tin of newt meat f - an uncursed fortune cookie g - an uncursed lembas wafer h - an uncursed tripe ration i - an uncursed tin of newt meat Scrolls k - 4 uncursed scrolls of magic mapping w - a cursed scroll of recall B - an uncursed scroll of summoning F - an uncursed scroll of scare monster Potions t - a blessed potion of hallucination G - an uncursed potion of speed H - a potion of holy water Rings C - an uncursed ring of slow digestion (on left hand) D - an uncursed +2 ring of increase accuracy (on right hand) Tools l - an uncursed credit card m - an uncursed expensive camera (0:82) n - an uncursed leash o - an uncursed magic marker (0:0) p - an uncursed tin opener q - an uncursed towel Spells and supernatural/magical abilities: Name Level Category Cost Memory w - wizard lock 2 matter 40pw 99% W - pray for help -- divine ? -- Your skills at the end: Fighting Skills wands [Basic] Weapon Skills dagger [Skilled] dart [Basic] Spellcasting Skills Final Attributes: You were piously aligned. You were visible. You had a +2 bonus to hit. You had slower digestion. The Lady was noncommittal. You are dead. Vanquished creatures: a small mimic a dwarf king a rock piercer a shrieker a kobold mummy a straw golem a giant ant a little dog a homunculus a giant bat 2 dwarf zombies 4 iguanas a gas spore a giant rat 2 cave spiders 4 geckos 8 jackals a fox a kobold 3 goblins 4 sewer rats a lichen 3 newts 45 creatures vanquished. Voluntary challenges: You were an atheist. You used a wielded weapon 173 times, starting on turn 1298. You read items or engraved 3 times, starting on turn 1607. You never genocided any monsters. You never polymorphed an object. You never changed form. You used no wishes. You never split a pudding. You never wrote Elbereth's name. You never violated your personal moral code. Dungeon overview: The Dungeons of Doom: levels 1 to 5 Level 1 some fountains, a vault a long staircase Level 2 a fountain, a vault stairs to The Gnomish Mines Level 3 a general store, a fountain, a vault Level 4 some fountains, a vault Level 5 <- You were here a fountain, a vault The Gnomish Mines: Level 3 stairs to The Dungeons of Doom History has recorded: On T:1 you entered the Dungeons of Doom to retrieve the Amulet of Yendor! On T:478 you reached level 2 of The Dungeons of Doom. On T:945 you reached level 1 of The Gnomish Mines. On T:957 you advanced to experience level 2. On T:1009 you reached level 3 of The Dungeons of Doom. On T:1135 you advanced to experience level 3. On T:1637 you advanced to experience level 4. On T:1894 you reached level 4 of The Dungeons of Doom. On T:2033 you advanced to experience level 5. On T:2355 you reached level 5 of The Dungeons of Doom. Score breakdown: Gold: 330 ( 8571 points) Experience: 5 levels (11141 points) Exploration: 5 levels ( 10.00%) ( 8571 points) Discoveries: 9 items ( 2.97%) ( 5170 points) Valuables value: (no points given unless you survive) Artifact value: 0 ( 0 points) Variety of kills: 23 monsters ( 6.05%) ( 7380 points) Turncount: 2640 turns ( -411 points) Survival: died (score multiplied by 80%) Total score: 32337 Latest messages: You hear a crunching sound. You feel much better. The gnome queen swings her bow at you. The gnome queen hits! You hit the gnome queen. The gnome queen swings her bow at you. The gnome queen hits! The gnome queen can see again. You hit the gnome queen. The gnome queen swings her bow at you. The gnome queen hits! The gnome queen swings her bow at you. The gnome queen hits! Ulch! That potion tasted foul! (You can name an emerald potion from the item naming menu.) The gnome queen swings her bow at you. The gnome queen hits! Never mind. The gnome queen swings her bow at you. The gnome queen hits! You die... For some reason, you think that you can almost hear the Wizard laugh manically... Final status: Aloha Winsalmostnever the Tourist, killed by a gnome queen... You died in The Dungeons of Doom on dungeon level 5 with 32337 points, and 1198 pieces of gold, after 2640 moves. You were level 5 with a maximum of 58 hit points when you died.